 Dungeon Sprint DCSS version 0.20.1-1-g8b1a95d (webtiles) character file.

11581 JustSomeDude the Ninja (level 11, -12/133 HPs)
             Began as a Vampire Assassin on Nov 14, 2017.
             Was the Champion of Dithmenos.
             Mangled by a fire giant
             ... wielding a +2 great sword of flaming
              (22 damage)
             ... in the Dungeon (Sprint I: "Red Sonja").
             The game lasted 00:09:19 (1535 turns).

JustSomeDude the Ninja (Vampire Assassin)           Turns: 1535, Time: 00:09:19

Health: -12/133    AC:  7    Str: 15    XL:     11   Next: 51%
Magic:  17/17      EV: 18    Int: 14    God:    Dithmenos [******]
Gold:   1017       SH:  0    Dex: 19    Spells: 10/10 levels left

rFire    + + .     SeeInvis +   r - +1 short sword (distort)
rCold    . . .     Gourm    .   (no shield)
rNeg     + . .     Faith    .   o - +1 leather armour of Dusanlol {+Blink +Inv rF++ MR-}
rPois    .         Spirit   .   (no helmet)
rElec    .         Reflect  .   d - +0 cloak
rCorr    .         Harm     .   p - +0 pair of gloves
MR       .....     NoTele   +   (no boots)
Stlth    ..........             (no amulet)
Regen    0.4/turn               u - +2 ring of evasion
MPRegen  0.2/turn               (no ring)

@: berserking, wreathed by umbra, very quick
A: fangs 3, see invisible, unbreathing
a: Bat Form, Shadow Step, Shadow Form, Renounce Religion, Evoke Blink, Evoke
Invisibility


You were in the Dungeon.
You worshipped Dithmenos.
Dithmenos was exalted by your worship.
You were not thirsty.

You visited 1 branch You collected 1192 gold pieces.
You spent 175 gold pieces at shops.

Inventory:

Hand Weapons
 a - a +2 dagger
 b - a +0 blowgun
 r - a +1 short sword of distortion (weapon)
Missiles
 e - 8 poisoned needles
 f - 8 curare-tipped needles
Armour
 d - a +0 cloak (worn)
 n - a +2 robe of cold resistance
 o - the +1 leather armour of Dusanlol (worn) {+Blink +Inv rF++ MR-}
   (You bought it in a shop in the Dungeon)

   It greatly protects you from fire.
   It affects your resistance to hostile enchantments.
   It lets you turn invisible.
   It lets you blink.
 p - a +0 pair of gloves (worn)
Jewellery
 u - a +2 ring of evasion (left hand)
Scrolls
 m - a scroll of blinking
 s - a scroll of remove curse {unknown}
 v - a scroll of identify {unknown}
Potions
 g - 10 potions of blood
 j - a potion of haste
 k - 2 potions of magic
 q - a potion of invisibility {unknown}
Books
 t - a book of Cantrips

   Spells                             Type                      Level
   a - Confusing Touch                Hexes                        1
   b - Animate Skeleton               Necromancy                   1
   c - Summon Small Mammal            Summoning                    1
   d - Apportation                    Translocation                1


   Skills:
 + Level 9.2 Fighting
 + Level 12.1 Short Blades
 + Level 6.0 Throwing
 + Level 6.1 Armour
 + Level 6.0 Dodging
 O Level 27 Stealth
 + Level 9.2 Evocations


You had 10 spell levels left.
You didn't know any spells.

Dungeon Overview and Level Annotations

Branches:
Dungeon (1/1)

Altars:
Cheibriados
Dithmenos
Elyvilon
Fedhas
Gozag
Hepliaklqana
Kikubaaqudgha
Makhleb
Nemelex Xobeh
Okawaru
Qazlal
Ru
Sif Muna
Trog
Uskayaw
Vehumet
Xom
Yredelemnul
Zin
The Shining One
Jiyva
Lugonu

Shops:
D [[


Innate Abilities, Weirdness & Mutations

You have razor-sharp teeth.
You have supernaturally acute eyesight. (SInv)
You can survive without breathing.


Message History

Okay, then.
You hit the fire giant.
Space warps horribly around the fire giant!
The fire giant is lightly wounded.
Your shadow hits the fire giant but does no damage.
The fire giant hits you with a great sword of flaming!
* * * LOW HITPOINT WARNING * * *
The fire giant burns you.
* * * LOW HITPOINT WARNING * * *
You feel better.
You hit the fire giant but do no damage.
Space bends around the fire giant.
Your bite misses the fire giant.
The fire giant is lightly wounded.
The fire giant hits you with a great sword of flaming!
* * * LOW HITPOINT WARNING * * *
Yummy - fresh blood!
A red film seems to cover your vision as you go berserk!
You feel yourself moving faster!
You feel mighty!
The fire giant hits you with a great sword of flaming!!
You die...

##§#### #.##$$$#
#§.§..# #..###$#
#§§.§§+ ##.#A#$#
###§§^# #..###$#
'.#^..# #.##..$#
#.#§§## #..#+###
#§#§.# ##.§§#
#.##'# ###§#
#§##.# #@# +§####
#C# #§# ####§# #§#
###..§.#
+§#(((#####...####
###(..C.CC..###
!...C##### ... .


You could see a fire giant.

Vanquished Creatures
  2 centaur warriors (D)
  Sonja (D)
  5 unseen horrors (D)
  A deep troll (D)
  A lindwurm (D)
  An oklob plant (D)
  2 kobold demonologists (D)
  A gargoyle (D)
  4 demonic crawlers (D)
  A hornet (D)
  A slime creature (D)
  Sigmund (D)
  2 redbacks (D)
  A yak (D)
  11 hogs (D)
  A floating eye (D)
  An ogre (D)
  A jelly (D)
  Ijyb (D)
  A ballistomycete (D)
  A ballistomycete spore (D)
41 creatures vanquished.

Vanquished Creatures (others)
  A fire giant (D)
  3 hornets (D)
  A hog (D)
  A ballistomycete spore (D)
6 creatures vanquished.

Grand Total: 47 creatures vanquished

Notes
Turn   | Place    | Note
-------+----------+-------------------------------------------
     0 | D        | JustSomeDude the Vampire Assassin began the quest for the Orb.
     0 | D        | Reached XP level 1. HP: 16/16 MP: 1/1
     1 | D        | Noticed Ijyb
     4 | D        | Killed Ijyb
     4 | D        | Reached skill level 9 in Stealth
     4 | D        | Reached XP level 2. HP: 23/23 MP: 2/2
     6 | D        | Noticed an ogre
     9 | D        | Killed an ogre
     9 | D        | Reached skill level 13 in Stealth
     9 | D        | Reached XP level 3. HP: 28/28 MP: 3/3
     9 | D        | Reached XP level 4. HP: 34/34 MP: 4/4
    20 | D        | Noticed Sigmund
    23 | D        | Killed Sigmund
    23 | D        | Reached skill level 16 in Stealth
    23 | D        | Reached XP level 5. HP: 41/41 MP: 5/5
    46 | D        | Found a deep blue altar of Sif Muna.
    48 | D        | Found a radiant altar of Vehumet.
    52 | D        | Reached XP level 6. HP: 47/47 MP: 6/6
    55 | D        | Found Sazicuck's Antique Armour Emporium.
    55 | D        | Found an ancient bone altar of Kikubaaqudgha.
    55 | D        | Found a hazy altar of Hepliaklqana.
    55 | D        | Found a stormy altar of Qazlal.
    55 | D        | Found a hide-covered altar of Uskayaw.
    55 | D        | Found a blossoming altar of Fedhas.
    55 | D        | Found a bloodstained altar of Trog.
    55 | D        | Found an iron altar of Okawaru.
    55 | D        | Found a basalt altar of Yredelemnul.
    55 | D        | Found a glowing golden altar of the Shining One.
    55 | D        | Found a snail-covered altar of Cheibriados.
    55 | D        | Found a sacrificial altar of Ru.
    55 | D        | Found a glowing silver altar of Zin.
    55 | D        | Found a shadowy altar of Dithmenos.
    55 | D        | Found a white marble altar of Elyvilon.
    55 | D        | Noticed a yak
    56 | D        | Found an opulent altar of Gozag.
    57 | D        | Killed a yak
    57 | D        | Reached skill level 5 in Short Blades
    57 | D        | Reached skill level 18 in Stealth
    58 | D        | Found a sparkling altar of Nemelex Xobeh.
    64 | D        | Became a worshipper of Dithmenos the Shadowed
    91 | D        | Bought a slimy leather armour for 175 gold pieces
   101 | D        | Identified the +1 leather armour of Dusanlol {+Blink +Inv rF++ MR-} (You bought it in a shop in the Dungeon)
   124 | D        | Found a viscous altar of Jiyva.
   124 | D        | Found a corrupted altar of Lugonu.
   124 | D        | Noticed a slime creature
   125 | D        | Found a burning altar of Makhleb.
   125 | D        | Found a shimmering altar of Xom.
   127 | D        | Killed a slime creature
   127 | D        | Reached skill level 19 in Stealth
   127 | D        | Reached XP level 7. HP: 54/54 MP: 7/7
   149 | D        | Noticed Sonja
   161 | D        | Noticed a deep troll
   161 | D        | Killed Sonja
   161 | D        | Reached skill level 21 in Stealth
   161 | D        | Reached skill level 1 in Evocations
   161 | D        | Reached XP level 8. HP: 34/61 MP: 5/9
   168 | D        | Killed a deep troll
   168 | D        | Reached * piety under Dithmenos
   168 | D        | Reached skill level 22 in Stealth
   175 | D        | Found Oguepohozu's Armour Emporium.
   487 | D        | Killed a hornet
   551 | D        | Noticed a centaur warrior
   551 | D        | Noticed a centaur warrior
   555 | D        | Killed a centaur warrior
   555 | D        | Reached skill level 5 in Fighting
   555 | D        | Reached skill level 1 in Armour
   555 | D        | Reached skill level 23 in Stealth
   555 | D        | Reached XP level 9. HP: 68/68 MP: 8/11
   556 | D        | Killed a centaur warrior
   556 | D        | Reached skill level 5 in Throwing
   556 | D        | Reached skill level 24 in Stealth
   573 | D        | Reached ** piety under Dithmenos
   573 | D        | Reached skill level 25 in Stealth
   585 | D        | Noticed an oklob plant
   587 | D        | Killed an oklob plant
   826 | D        | Noticed a kobold demonologist
   827 | D        | Noticed a kobold demonologist
   829 | D        | Reached *** piety under Dithmenos
   829 | D        | Reached skill level 26 in Stealth
   829 | D        | Reached XP level 10. HP: 76/76 MP: 13/13
   843 | D        | Reached **** piety under Dithmenos
   843 | D        | Reached skill level 27 in Stealth
   843 | D        | Reached skill level 5 in Evocations
   857 | D        | Noticed a gargoyle
   861 | D        | Killed a gargoyle
   886 | D        | Noticed a lindwurm
   888 | D        | Killed a lindwurm
   888 | D        | Reached ***** piety under Dithmenos
   906 | D        | Reached skill level 5 in Dodging
   909 | D        | Reached ****** piety under Dithmenos
   913 | D        | Reached skill level 10 in Short Blades
   913 | D        | Reached XP level 11. HP: 85/85 MP: 16/16
   951 | D        | Noticed a daeva
   959 | D        | Noticed an unseen horror
   959 | D        | Noticed an unseen horror
   959 | D        | Noticed an unseen horror
   959 | D        | Noticed an unseen horror
   961 | D        | Killed an unseen horror
   962 | D        | Noticed an unseen horror
   963 | D        | Killed an unseen horror
   963 | D        | Reached skill level 5 in Armour
   964 | D        | Killed an unseen horror
   966 | D        | Killed an unseen horror
   968 | D        | Killed an unseen horror
  1455 | D        | Noticed a fire giant
  1457 | D        | Noticed a fire giant
  1468 | D        | Banished a fire giant
  1469 | D        | Noticed a fire giant
  1475 | D        | Noticed a fire giant
  1517 | D        | Killed a fire giant
  1535 | D        | Mangled by a fire giant

Skill      XL: |  1  2  3  4  5  6  7  8  9 10 11 |
---------------+----------------------------------+-----
Fighting       | 2 3 4 5 7 9 |  9.2
Short Blades   | 3 4 5 6 7 8 10 12 | 12.1
Stealth        | 9 13 16 19 21 23 26 27 | 27.0
Throwing       | 2 3 4 5 6 |  6.0
Dodging        | 2 3 5 6 |  6.0
Evocations     | 1 3 4 7 9 |  9.2
Armour         | 1 4 6 |  6.1

Action                   |  1- 3 |  4- 6 |  7- 9 | 10-12 || total
-------------------------+-------+-------+-------+-------++-------
Melee: Dagger            |     2 |     4 |     1 |       ||     7
       Short sword       |       |       |    15 |    38 ||    53
       Bite              |       |       |     1 |     3 ||     4
 Abil: Evoke Invisibilit |       |       |     2 |       ||     2
       Evoke Blink       |       |       |     1 |       ||     1
       End Transformatio |       |       |       |     1 ||     1
       Bat Form          |       |       |       |     1 ||     1
  Use: Potion            |       |       |       |     8 ||     8
 Stab: Sleeping          |     2 |     4 |     8 |    24 ||    38
       Invisible         |       |       |     1 |       ||     1
Dodge: Dodged            |       |       |     5 |     3 ||     8
